 Dungeon Crawl Stone Soup version 0.28.0 (webtiles) character file.

Game seed: 3698711280145996424

462 psuckher the Sneak (level 6, -1/61 HPs)
             Began as a Troll Delver on Feb 16, 2022.
             Was an Initiate of Elyvilon.
             Slain by a gnoll (7 damage)
             ... on level 4 of the Dungeon.
             The game lasted 00:03:51 (788 turns).

psuckher the Sneak (Troll Delver)                    Turns: 788, Time: 00:03:51

Health: -1/61      AC:  4    Str: 23    XL:     6   Next: 79%
Magic:  5/5        EV: 10    Int:  6    God:    Elyvilon [......]
Gold:   25         SH:  0    Dex: 11    Spells: 5/5 levels left

rFire   . . .      SeeInvis .     - Unarmed
rCold   . . .      Faith    .   (no shield)
rNeg    . . .      Spirit   .   a - +0 robe
rPois   .          Reflect  .   (helmet restricted)
rElec   .          Harm     .   (no cloak)
rCorr   .          Rampage  .   (gloves unavailable)
Will    .....                   (boots unavailable)
Stlth   ++........              (no amulet)
HPRegen 1.00/turn               (no ring)
MPRegen 0.09/turn               (no ring)

@: no status effects
A: large, unfitting armour, claws 3, regeneration 1, shaggy fur 1, tough skin 1
a: Renounce Religion


You were on level 4 of the Dungeon.
You worshipped Elyvilon.
Elyvilon was noncommittal.
You visited 1 branch of the dungeon, and saw 2 of its levels.

You collected 25 gold pieces.

Inventory:

Hand Weapons
 o - a +0 vampiric whip
Missiles
 d - 2 curare-tipped darts (quivered)
Armour
 a - a +0 robe (worn)
 p - the +2 ring mail of Agnosticism {Will+ Slay+3}
   (You found it on level 4 of the Dungeon)

   Slay:      It affects your accuracy & damage with ranged weapons and melee
   (+3).
   Will:      It increases your willpower.
Wands
 f - a wand of digging (3)
 g - a wand of charming (8)
 h - a wand of acid (4)
Scrolls
 b - a scroll of fog
 c - a scroll of magic mapping
 i - a scroll of torment {unknown}
 j - a scroll of amnesia {unknown}
 k - a scroll of identify {unknown}
 l - a scroll of blinking {unknown}
 m - a scroll of enchant armour {unknown}
Potions
 e - a potion of haste
 n - a potion of flight {unknown}


   Skills:
 + Level 3.2 Fighting
 + Level 2.4 Dodging
 + Level 4.4 Stealth
 + Level 3.3 Unarmed Combat


You had 5 spell levels left.
You didn't know any spells.
Your spell library contained the following spells:

 Spells                   Type           Power      Damage    Failure   Level
 Animate Skeleton         Necr           0%         N/A       45%         1
 Pain                     Necr           0%         1d4       45%         1
 Vampiric Draining        Necr           0%         2d6       83%         3


Dungeon Overview and Level Annotations

Branches:
Dungeon (5/15)
 Temple: D:4-7

Altars:
Elyvilon
Hepliaklqana

Shops:
D:5 [


Innate Abilities, Weirdness & Mutations

You are too large for most types of armour.
You have claws for hands.
Your natural rate of healing is unusually fast.
You are covered in fur. (AC +1)
You have tough skin. (AC +1)


Message History

There is a stone staircase leading up here.
There is a stone staircase leading up here.
Things that are here:
a +0 hand axe; a +0 leather armour; an orc corpse
Items here: )) [ †.
You open the door.
A gnoll comes into view. It is wielding a +0 flail.
A goblin and 2 gnolls come into view.
Found a stone staircase leading down.
The gnoll shouts!
There is an open door here.
The gnoll shouts!
The gnoll barely misses you. The gnoll hits you with a +0 flail.
You barely miss the gnoll. The gnoll hits you with a +0 flail!
The gnoll hits you with a +0 flail.
The goblin shouts!
You closely miss the gnoll.
The gnoll shouts!
The gnoll hits you with a +0 flail.
You barely miss the gnoll. The gnoll hits you with a +0 flail!
The gnoll closely misses you. The goblin hits you with a +0 club.
You completely miss the gnoll. The gnoll hits you with a +0 flail.
The gnoll hits you with a +0 flail!
* * * LOW HITPOINT WARNING * * *
The goblin barely misses you.
Okay, then.
You claw the gnoll!
The gnoll is severely wounded.
The gnoll hits you with a +0 flail.
* * * LOW HITPOINT WARNING * * *
The gnoll hits you with a +0 club.
* * * LOW HITPOINT WARNING * * *
The gnoll misses you. The goblin hits you with a +0 club.
* * * LOW HITPOINT WARNING * * *
You barely miss the gnoll.
The gnoll is severely wounded.
The gnoll barely misses you. The gnoll hits you with a +0 club.
* * * LOW HITPOINT WARNING * * *
The gnoll hits you with a +0 flail!
You die...

#)# ###' #.# #... #.#
#... #.# #...
############.# ###'
..........##.# #.
..........##.##########.
......g...##............
......g@..'.............
......gg..############..
..........# #.#
##.........# #.#
#.........# #.#
#.........# #.#
########.## #.# #>.


You could see 3 gnolls and a goblin.

Vanquished Creatures
  A black bear (D:5)
  2 necrophages (D:5)
  A bullfrog zombie (D:5)
  3 hounds (D:5)
  An orc priest (D:4)
  An orc wizard (D:4)
  A scorpion zombie (D:5)
  A dart slug (D:4)
  2 orcs (D:4)
13 creatures vanquished.

Notes
Turn   | Place    | Note
-------+----------+-------------------------------------------
     0 | D:5      | psuckher the Troll Delver began the quest for the Orb.
     0 | D:5      | Reached XP level 1. HP: 22/22 MP: 0/0
    29 | D:5      | Noticed a hound
    40 | D:5      | Killed a hound
    41 | D:5      | Reached skill level 3 in Stealth
    41 | D:5      | Reached XP level 2. HP: 27/29 MP: 1/1
    41 | D:5      | Reached XP level 3. HP: 33/36 MP: 2/2
    72 | D:5      | Found Selaimer's Antique Armour Emporium.
    72 | D:5      | Noticed a necrophage
    86 | D:5      | Killed a necrophage
    87 | D:5      | Reached XP level 4. HP: 16/44 MP: 3/3
   147 | D:5      | Noticed a necrophage
   157 | D:5      | Killed a necrophage
   158 | D:5      | Reached skill level 4 in Stealth
   158 | D:5      | Reached XP level 5. HP: 50/53 MP: 4/4
   291 | D:5      | Found a white marble altar of Elyvilon.
   308 | D:5      | Became a worshipper of Elyvilon the Healer
   326 | D:5      | Noticed a black bear
   333 | D:5      | Reached XP level 6. HP: 61/61 MP: 5/5
   356 | D:5      | Noticed a wyvern
   487 | D:4      | Found a hazy altar of Hepliaklqana.
   488 | D:4      | Found a faded altar of an unknown god.
   679 | D:4      | Identified the +2 ring mail of Agnosticism {Will+ Slay+3}
   788 | D:4      | Slain by a gnoll

Illustrated notes

Levels and vault maps discovered:
D:4:      layout_basic, beargit_hepliaklqana_dungeon_heroes, zin_purify
D:5:      layout_loops_ring, lemuel_coloured_pillars_altar,
          nicolae_overflow_crystal_walls, serial_shops, shop

Skill      XL: |  1  2  3  4  5 |
---------------+----------------+-----
Stealth        | 3 4 |  4.4
Fighting       | 3 |  3.2
Dodging        | 2 |  2.4
Unarmed Combat | 3 |  3.3

Action                   |  1- 3 |  4- 6 || total
-------------------------+-------+-------++-------
Melee: Unarmed           |    19 |    59 ||    78
       Punch             |       |     2 ||     2
Evoke: Wand              |       |     2 ||     2
  Use: Scroll            |       |     1 ||     1
Armor: Robe              |     6 |    18 ||    24
Dodge: Dodged            |     6 |    21 ||    27
